2257 views
Uploaded 2021-08-06 01:30:13
Game version 1.32.10
18:47 long 1on1 ladder game on (2)ConcealedHill
Saved by aom
2257 views
Uploaded 2021-08-06 01:30:13
Game version 1.32.10
18:47 long 1on1 ladder game on (2)ConcealedHill

31 units @ 5.1k
/ 0.7k
21 buildings @ 2k
/ 0.8k


| Scroll of Town Portal | 1 | 350 |
| Boots of Speed | 2 | 500 |
| total: | 3 | 850g |
| Peasant | 8 | 600 | / | 0 |
| Rifleman | 11 | 2255 | / | 330 |
| Footman | 1 | 135 | / | 0 |
| Priest | 2 | 270 | / | 20 |
| Knight | 5 | 1225 | / | 300 |
| Sorceress | 4 | 620 | / | 80 |
| total: | 31 | 5105g | / | 730w |
| Scout Tower | 2 | 60 | / | 40 |
| Guard Tower | 2 | 140 | / | 100 |
| Lumber Mill | 1 | 120 | / | 0 |
| Barracks | 1 | 160 | / | 60 |
| Blacksmith | 1 | 140 | / | 60 |
| Farm | 12 | 960 | / | 240 |
| Altar of Kings | 1 | 180 | / | 50 |
| Arcane Vault | 1 | 130 | / | 30 |
| Arcane Sanctum | 2 | 300 | / | 280 |
| Keep | 1 | 320 | / | 210 |
| Castle | 1 | 360 | / | 210 |
| total: | 21 | 2050g | / | 760w |
| 0:03 | Peasant |
| 0:03 | Peasant |
| 0:14 | Lumber Mill |
| 0:23 | Peasant |
| 0:23 | Peasant |
| 0:24 | Peasant |
| 0:38 | Barracks |
| 0:52 | Blacksmith |
| 1:07 | Farm |
| 1:11 | Peasant |
| 1:11 | Peasant |
| 1:15 | Improved Lumber Harvesting |
| 1:27 | Peasant |
| 1:46 | Altar of Kings |
| 2:02 | Rifleman |
| 2:08 | Farm |
| 2:15 | Black Gunpowder |
| 2:28 | Footman |
| 2:37 | Scout Tower |
| 2:44 | Farm |
| 3:10 | Keep |
| 3:22 | Scout Tower |
| 3:34 | Rifleman |
| 3:43 | Farm |
| 3:53 | Farm |
| 4:00 | Holy Light |
| 4:12 | Rifleman |
| 4:20 | Guard Tower |
| 4:26 | Guard Tower |
| 4:41 | Arcane Vault |
| 4:57 | Rifleman |
| 5:07 | Divine Shield |
| 5:24 | Rifleman |
| 6:12 | Long Rifles |
| 6:29 | Holy Light |
| 6:34 | Castle |
| 7:23 | Storm Bolt |
| 7:29 | Rifleman |
| 7:33 | Arcane Sanctum |
| 7:36 | Studded Leather Armor |
| 7:43 | Farm |
| 7:44 | Advanced Lumber Harvesting |
| 8:04 | Boots of Speed |
| 8:19 | Boots of Speed |
| 9:19 | Rifleman |
| 9:21 | Priest |
| 9:29 | Arcane Sanctum |
| 9:33 | Farm |
| 9:52 | Rifleman |
| 10:14 | Rifleman |
| 10:23 | Bash |
| 10:47 | Divine Shield |
| 11:12 | Knight |
| 11:13 | Priest Adept Training |
| 11:15 | Iron Forged Swords |
| 11:19 | Sorceress Adept Training |
| 11:22 | Farm |
| 11:25 | Farm |
| 11:26 | Improved Masonry |
| 12:25 | Sorceress Master Training |
| 12:28 | Knight |
| 12:31 | Iron Plating |
| 12:42 | Scroll of Town Portal |
| 12:55 | Farm |
| 13:09 | Animal War Training |
| 13:11 | Priest Master Training |
| 13:51 | Storm Bolt |
| 14:35 | Knight |
| 14:35 | Knight |
| 14:38 | Sorceress |
| 14:38 | Sorceress |
| 14:47 | Farm |
| 15:20 | Advanced Masonry |
| 15:22 | Steel Forged Swords |
| 15:27 | Farm |
| 15:40 | Sorceress |
| 16:00 | Knight |
| 16:57 | Holy Light |
| 17:07 | Bash |
| 17:25 | Rifleman |
| 17:26 | Rifleman |
| 17:29 | Priest |
| 17:29 | Sorceress |
| Right click | 228 |
| Select | 187 |
| Build/train/purchase | 71 |
| Use ability | 39 |
| Assign group | 30 |
| Select group | 13 |
| Item give/drop | 1 |
27 units @ 4.1k
/ 0.5k
10 buildings @ 1.7k
/ 0.5k



| Rod of Necromancy | 3 | 450 |
| Ritual Dagger | 1 | 125 |
| Orb of Corruption | 1 | 375 |
| Circlet of Nobility | 1 | 175 |
| Periapt of Vitality | 1 | 325 |
| total: | 7 | 1450g |
| Acolyte | 7 | 525 | / | 0 |
| Ghoul | 10 | 1200 | / | 0 |
| Crypt Fiend | 4 | 860 | / | 160 |
| Abomination | 3 | 720 | / | 210 |
| Obsidian Statue | 2 | 400 | / | 70 |
| Goblin Shredder | 1 | 375 | / | 100 |
| total: | 27 | 4080g | / | 540w |
| Nerubian Tower | 1 | 100 | / | 20 |
| Altar of Darkness | 1 | 180 | / | 50 |
| Ziggurat | 4 | 600 | / | 200 |
| Crypt | 1 | 200 | / | 50 |
| Tomb of Relics | 1 | 130 | / | 30 |
| Graveyard | 1 | 215 | / | 0 |
| Necropolis | 1 | 225 | / | 0 |
| Slaughterhouse | 1 | 140 | / | 135 |
| Halls of the Dead | 1 | 320 | / | 210 |
| Black Citadel | 1 | 325 | / | 230 |
| total: | 10 | 1690g | / | 465w |
| 0:03 | Acolyte |
| 0:04 | Acolyte |
| 0:06 | Altar of Darkness |
| 0:07 | Ziggurat |
| 0:37 | Crypt |
| 1:02 | Tomb of Relics |
| 1:32 | Graveyard |
| 1:39 | Ghoul |
| 1:39 | Ghoul |
| 1:52 | Ghoul |
| 2:06 | Rod of Necromancy |
| 2:09 | Sleep |
| 2:39 | Halls of the Dead |
| 2:47 | Ghoul |
| 3:20 | Cannibalize |
| 3:26 | Vampiric Aura |
| 4:10 | Unholy Strength |
| 4:17 | Unholy Armor |
| 4:20 | Ziggurat |
| 4:22 | Ziggurat |
| 5:24 | Ghoul |
| 5:24 | Ghoul |
| 5:41 | Vampiric Aura |
| 6:27 | Rod of Necromancy |
| 6:30 | Black Citadel |
| 6:35 | Impale |
| 6:58 | Creature Attack |
| 7:01 | Slaughterhouse |
| 7:05 | Ziggurat |
| 7:52 | Goblin Shredder |
| 8:06 | Creature Carapace |
| 8:12 | Ghoul |
| 8:12 | Ghoul |
| 8:12 | Ghoul |
| 8:15 | Spiked Carapace |
| 8:57 | Nerubian Tower |
| 9:18 | Rod of Necromancy |
| 9:19 | Ritual Dagger |
| 9:20 | Orb of Corruption |
| 9:37 | Destroyer Form |
| 9:42 | Ghoul Frenzy |
| 10:22 | Improved Unholy Strength |
| 10:42 | Frost Armor |
| 10:53 | Carrion Swarm |
| 11:13 | Web |
| 11:13 | Crypt Fiend |
| 11:14 | Crypt Fiend |
| 11:16 | Burrow |
| 11:24 | Circlet of Nobility |
| 11:32 | Periapt of Vitality |
| 12:21 | Disease Cloud |
| 12:21 | Abomination |
| 12:34 | Advanced Unholy Strength |
| 13:03 | Acolyte |
| 13:58 | Impale |
| 14:37 | Necropolis |
| 14:42 | Abomination |
| 15:02 | Spiked Carapace |
| 15:26 | Crypt Fiend |
| 15:26 | Crypt Fiend |
| 15:30 | Obsidian Statue |
| 17:34 | Ghoul |
| 17:39 | Obsidian Statue |
| 17:39 | Abomination |
| 18:14 | Acolyte |
| 18:14 | Acolyte |
| 18:14 | Acolyte |
| 18:17 | Acolyte |
| Right click | 625 |
| Select | 529 |
| Select group | 438 |
| Misc. action | 119 |
| Build/train/purchase | 118 |
| Use ability | 43 |
| Assign group | 35 |
| Item give/drop | 4 |
| Minimap ping | 3 |
โ